AoeStats
← DeXal

Arabia

507738359Analyzed
1v1 RM · 11d ago on Sep 19, 2026· 44m 56s· 2 players
Game mode
Random Map
Map size
Tiny (2 player)
Population
200
Speed
Normal
Resources
Standard
Victory
Conquest
Starting age
Dark Age
Ending age
Imperial Age
RankedLock teamsTeams togetherTeam positionsShared explorationLock speedFull tech treeHidden civsTurbo modeCheats
Victory
Defeat
🇫🇮 Poles · Finland
991
+17
🇺🇸 Maya · United States
1010
-17
DeXal
8:58 Loom
11:07 Feudal Age
13:45 Wheelbarrow
13:24 Double-Bit Axe
13:23 Horse Collar
20:03 Castle Age
18:36 Bloodlines
19:26 Scale Barding Armor
22:55 Husbandry
22:15 Light Cavalry
29:11 Forging
32:57 Bow Saw
32:52 Heavy Plow
33:51 Iron Casting
37:15 Imperial Age
35:30 Chain Barding Armor
38:17 Hand Cart
37:27 Winged Hussar
39:20 Fletching
40:55 Conscription
41:47 Scale Mail Armor
42:40 Lechitic Legacy
42:56 Gold Mining
43:38 Chain Mail Armor
44:24 Blast Furnace
44:43 Crossbowman
45:30 Thumb Ring
Pohls
0:25 Loom
10:25 Feudal Age
11:08 Double-Bit Axe
21:53 Castle Age
21:01 Fletching
21:12 Padded Archer Armor
23:45 Wheelbarrow
23:19 Bodkin Arrow
23:55 Bow Saw
23:27 Horse Collar
24:35 Heavy Plow
24:39 Crossbowman
26:38 Leather Archer Armor
29:35 Thumb Ring
29:53 Ballistics
30:42 Forging
30:34 Scale Mail Armor
29:56 Pikeman
32:31 Squires
36:24 Town Watch
38:13 Gold Mining
38:14 Stone Mining
44:10 Imperial Age
42:01 Hand Cart
43:33 Masonry
43:14 Arson
43:49 Chain Mail Armor
44:09 Iron Casting
43:47 Town Patrol
Connection lost

Rejoining the realm…

Still unreachable

The connection could not be restored.

Session expired

The server has moved on; the page needs a fresh start.